| TOP OF THE 1ST |
|
Altoona Curve batting - Pitching for Mobile BayBears : LHP Jesus Gallegos
|
|
Pitching: LHP Jesus Gallegos
|
|
|
Batting: LHB Sammy Roddenberry
|
0-0: Foul Ball, location: 2F 0-1: Ground out U3 (Groundball, 3S, EV 80.0 MPH)
|
|
Batting: RHB Jose Almonte
|
0-0: Ball 1-0: Swinging Strike 1-1: Ball 2-1: Ball 3-1: Base on Balls
|
|
Batting: LHB Nick Rooney
|
Pickoff Throw to First - Out! 1-3 0-0: Foul Ball, location: 2F 0-1: Ball 1-1: Swinging Strike 1-2: Strikes out swinging
|
| Top of the 1st over - 0 runs, 0 hits, 0 errors, 0 left on base; Altoona 0 - Mobile 0 |
| BOTTOM OF THE 1ST |
|
Mobile BayBears batting - Pitching for Altoona Curve : LHP Phil DeCamp
|
|
Pitching: LHP Phil DeCamp
|
|
|
Batting: RHB Carlos Ballesteros
|
0-0: Ball 1-0: Ball 2-0: Called Strike 2-1: Ball 3-1: Called Strike 3-2: Foul Ball, location: 2F 3-2: Foul Ball, location: 2F 3-2: Base on Balls
|
|
Batting: LHB Soo-yeon Kym
|
0-0: Ball 1-0: SINGLE (Groundball, 34D, EV 94.4 MPH) Carlos Ballesteros to second Runner from 2nd tries for 3rd, SAFE, throw by RF made to third
|
|
Batting: RHB Josh Burrows
|
0-0: Called Strike 0-1: Foul Ball, location: 2F 0-2: Ball 1-2: Ball 2-2: SINGLE (Flyball, 6MD, EV 89.4 MPH) Carlos Ballesteros scores Soo-yeon Kym to second
|
|
Batting: RHB Blake Beale
|
0-0: Foul Ball, location: 2F 0-1: Fly out, F9 (Line Drive, 9, EV 104.4 MPH)
|
|
Batting: RHB Chris Bittner
|
0-0: Ball 1-0: Ball 2-0: Foul Ball, location: 2F 2-1: Swinging Strike 2-2: Ball 3-2: Foul Ball, location: 2F 3-2: Strikes out swinging
|
|
Batting: RHB Curt Barrett
|
0-0: Foul Ball, location: 2F 0-1: Foul Ball, location: 2F 0-2: Ball 1-2: Foul Ball, location: 2F 1-2: Foul Ball, location: 2F 1-2: 3-RUN HOME RUN (Flyball, 7D, EV 96.9 MPH), Distance : 383 ft
|
|
Batting: RHB Paul Schreiber
|
0-0: Ball 1-0: Called Strike 1-1: Foul Ball, location: 2F 1-2: Foul Ball, location: 2F 1-2: Foul Ball, location: 2F 1-2: SINGLE (Flyball, 6D, EV 86.2 MPH)
|
|
Batting: RHB Franklin Villanueva
|
0-0: Ball 1-0: Swinging Strike 1-1: Foul Ball, location: 2F 1-2: Strikes out swinging
|
| Bottom of the 1st over - 4 runs, 4 hits, 0 errors, 1 left on base; Altoona 0 - Mobile 4 |
| TOP OF THE 2ND |
|
Altoona Curve batting - Pitching for Mobile BayBears : LHP Jesus Gallegos
|
|
Batting: RHB Mike Velazquez
|
0-0: SOLO HOME RUN (Flyball, 78XD, EV 104.4 MPH), Distance : 404 ft
|
|
Batting: RHB Keiji Nakajima
|
0-0: Ball 1-0: Foul Ball, location: 2F 1-1: Ball 2-1: Called Strike 2-2: Strikes out swinging
|
|
Batting: LHB Ruben Garza
|
0-0: Fly out, F9 (Flyball, 9LM, EV 91.9 MPH)
|
|
Batting: RHB Pleun Smit
|
0-0: Called Strike 0-1: Foul Ball, location: 2F 0-2: Fly out, F7 (Flyball, 7, EV 93.8 MPH)
|
| Top of the 2nd over - 1 run, 1 hit, 0 errors, 0 left on base; Altoona 1 - Mobile 4 |
| BOTTOM OF THE 2ND |
|
Mobile BayBears batting - Pitching for Altoona Curve : LHP Phil DeCamp
|
|
Batting: RHB Jeremy Adams
|
0-0: Ball 1-0: Ball 2-0: Foul Ball, location: 2F 2-1: Ball 3-1: Ground out 6-3 (Groundball, 6M, EV 99.4 MPH)
|
|
Batting: RHB Carlos Ballesteros
|
0-0: Ball 1-0: Ball 2-0: Foul Ball, location: 2F 2-1: Foul Ball, location: 2F 2-2: Strikes out looking
|
|
Batting: LHB Soo-yeon Kym
|
0-0: Foul Ball, location: 2F 0-1: Foul Ball, location: 2F 0-2: Ball 1-2: Ball 2-2: Ball 3-2: Foul Ball, location: 2F 3-2: Ground out 6-3 (Groundball, 6, EV 81.9 MPH)
|
| Bottom of the 2nd over - 0 runs, 0 hits, 0 errors, 0 left on base; Altoona 1 - Mobile 4 |
| TOP OF THE 3RD |
|
Altoona Curve batting - Pitching for Mobile BayBears : LHP Jesus Gallegos
|
|
Batting: LHB Phil DeCamp
|
0-0: Ball 1-0: Called Strike 1-1: SINGLE (Groundball, 3D, EV 105.0 MPH)
|
|
Batting: LHB Tomohiro Yokoyama
|
0-0: Ball 1-0: Ball 2-0: Fielders Choice at 2nd, 6-4 (Groundball, 6, EV 107.5 MPH)
|
|
Batting: LHB Sammy Roddenberry
|
0-0: Called Strike 0-1: Swinging Strike 0-2: Fly out, F7 (Flyball, 7S, EV 92.5 MPH)
|
|
Batting: RHB Jose Almonte
|
0-0: Ball 1-0: Ground out 5-3 (Groundball, 56S, EV 85.0 MPH)
|
| Top of the 3rd over - 0 runs, 1 hit, 0 errors, 1 left on base; Altoona 1 - Mobile 4 |
| BOTTOM OF THE 3RD |
|
Mobile BayBears batting - Pitching for Altoona Curve : LHP Phil DeCamp
|
|
Batting: RHB Josh Burrows
|
0-0: Called Strike 0-1: Swinging Strike 0-2: Foul Ball, location: 2F 0-2: Ball 1-2: Foul Ball, location: 2F 1-2: Ball 2-2: Strikes out looking
|
|
Batting: RHB Blake Beale
|
0-0: Ball 1-0: Ball 2-0: Foul Ball, location: 2F 2-1: Foul Ball, location: 2F 2-2: SINGLE (Groundball, 6M, EV 100.6 MPH)
|
|
Batting: RHB Chris Bittner
|
0-0: Foul Ball, location: 2F 0-1: Fly out, F6 (Popup, 6D, EV 57.5 MPH)
|
|
Batting: RHB Curt Barrett
|
0-0: Ball 1-0: Foul Ball, location: 2F 1-1: Foul Ball, location: 2F 1-2: Strikes out looking
|
| Bottom of the 3rd over - 0 runs, 1 hit, 0 errors, 1 left on base; Altoona 1 - Mobile 4 |
| TOP OF THE 4TH |
|
Altoona Curve batting - Pitching for Mobile BayBears : LHP Jesus Gallegos
|
|
Batting: LHB Nick Rooney
|
0-0: Swinging Strike 0-1: Swinging Strike 0-2: Ball 1-2: Ball 2-2: Foul Ball, location: 2F 2-2: Fly out, F9 (Flyball, 9, EV 92.5 MPH)
|
|
Batting: RHB Mike Velazquez
|
0-0: Foul Ball, location: 2F 0-1: Fly out, F8 (Flyball, 8RXD, EV 107.5 MPH)
|
|
Batting: RHB Keiji Nakajima
|
0-0: Fly out, F8 (Flyball, 8RD, EV 91.2 MPH)
|
| Top of the 4th over - 0 runs, 0 hits, 0 errors, 0 left on base; Altoona 1 - Mobile 4 |
| BOTTOM OF THE 4TH |
|
Mobile BayBears batting - Pitching for Altoona Curve : LHP Phil DeCamp
|
|
Batting: RHB Paul Schreiber
|
0-0: Ball 1-0: Ball 2-0: Foul Ball, location: 2F 2-1: Foul Ball, location: 2F 2-2: Ground out 4-3 (Groundball, 4, EV 100.6 MPH)
|
|
Batting: RHB Franklin Villanueva
|
0-0: Ball 1-0: Called Strike 1-1: Foul Ball, location: 2F 1-2: Foul Ball, location: 2F 1-2: Ball 2-2: Foul Ball, location: 2F 2-2: SINGLE (Groundball, 56D, EV 100.6 MPH)
|
|
Batting: RHB Jeremy Adams
|
0-0: Foul Ball, location: 2F 0-1: Ball 1-1: Ball 2-1: 2-RUN HOME RUN (Flyball, 7D, EV 98.1 MPH), Distance : 411 ft
|
|
Pitching: RHP Francisco Castillo
|
|
|
Batting: RHB Carlos Ballesteros
|
0-0: Ground out 5-3 (Groundball, 56, EV 79.4 MPH)
|
|
Batting: LHB Soo-yeon Kym
|
0-0: Ground out 1-3 (Groundball, 34S, EV 70.6 MPH)
|
| Bottom of the 4th over - 2 runs, 2 hits, 0 errors, 0 left on base; Altoona 1 - Mobile 6 |
| TOP OF THE 5TH |
|
Altoona Curve batting - Pitching for Mobile BayBears : LHP Jesus Gallegos
|
|
Batting: LHB Ruben Garza
|
0-0: Swinging Strike 0-1: Swinging Strike 0-2: Ball 1-2: SINGLE (Line Drive, 9S, EV 90.6 MPH)
|
|
Batting: RHB Pleun Smit
|
0-0: Called Strike 0-1: Foul Ball, location: 2F 0-2: Ball 1-2: Grounds into double play, 5-4-3 (Groundball, 56, EV 108.1 MPH)
|
|
Batting: LHB Phil DeCamp
|
0-0: Fly out, F8 (Flyball, 8RD, EV 88.8 MPH)
|
| Top of the 5th over - 0 runs, 1 hit, 0 errors, 0 left on base; Altoona 1 - Mobile 6 |
| BOTTOM OF THE 5TH |
|
Mobile BayBears batting - Pitching for Altoona Curve : RHP Francisco Castillo
|
|
Batting: RHB Josh Burrows
|
0-0: Ball 1-0: Ball 2-0: Foul Ball, location: 2F 2-1: Ball 3-1: Called Strike 3-2: Foul Ball, location: 2F 3-2: Strikes out swinging
|
|
Batting: RHB Blake Beale
|
0-0: Ball 1-0: Called Strike 1-1: Fly out, F8 (Line Drive, 8RM, EV 86.2 MPH)
|
|
Batting: RHB Chris Bittner
|
0-0: Ball 1-0: Swinging Strike 1-1: Ball 2-1: Foul Ball, location: 2F 2-2: Ball 3-2: Ground out 5-3 (Groundball, 5, EV 85.0 MPH)
|
| Bottom of the 5th over - 0 runs, 0 hits, 0 errors, 0 left on base; Altoona 1 - Mobile 6 |
| TOP OF THE 6TH |
|
Altoona Curve batting - Pitching for Mobile BayBears : LHP Jesus Gallegos
|
|
Batting: LHB Tomohiro Yokoyama
|
0-0: Called Strike 0-1: Ball 1-1: Foul Ball, location: 2F 1-2: Ground out 3-1 (Groundball, 34S, EV 88.1 MPH)
|
|
Batting: LHB Sammy Roddenberry
|
0-0: Swinging Strike 0-1: Foul Ball, location: 2F 0-2: Ball 1-2: Ball 2-2: Foul Ball, location: 2F 2-2: Ground out 6-3 (Groundball, 6M, EV 103.8 MPH)
|
|
Batting: RHB Jose Almonte
|
0-0: Ball 1-0: Foul Ball, location: 2F 1-1: Ball 2-1: Swinging Strike 2-2: Strikes out swinging
|
| Top of the 6th over - 0 runs, 0 hits, 0 errors, 0 left on base; Altoona 1 - Mobile 6 |
| BOTTOM OF THE 6TH |
|
Mobile BayBears batting - Pitching for Altoona Curve : RHP Francisco Castillo
|
|
Batting: RHB Curt Barrett
|
0-0: Called Strike 0-1: Swinging Strike 0-2: Ball 1-2: Strikes out looking
|
|
Batting: RHB Paul Schreiber
|
0-0: Foul Ball, location: 2F 0-1: Ball 1-1: Ground out 6-3 (Groundball, 6, EV 105.6 MPH)
|
|
Batting: RHB Franklin Villanueva
|
0-0: Called Strike 0-1: Foul Ball, location: 2F 0-2: Ball 1-2: Strikes out swinging
|
| Bottom of the 6th over - 0 runs, 0 hits, 0 errors, 0 left on base; Altoona 1 - Mobile 6 |
| TOP OF THE 7TH |
|
Altoona Curve batting - Pitching for Mobile BayBears : LHP Jesus Gallegos
|
|
Batting: LHB Nick Rooney
|
0-0: Ground out 2-3 (Groundball, 15S, EV 70.0 MPH)
|
|
Batting: RHB Mike Velazquez
|
0-0: Ground out 5-3 (Groundball, 56S, EV 83.1 MPH)
|
|
Batting: RHB Keiji Nakajima
|
0-0: Called Strike 0-1: SINGLE (Groundball, 25, EV 66.9 MPH) (infield hit)
|
|
Batting: LHB Ruben Garza
|
0-0: Foul Ball, location: 2F 0-1: Foul Ball, location: 2F 0-2: Fielders Choice at 2nd, 5-4 (Groundball, 56, EV 86.2 MPH)
|
| Top of the 7th over - 0 runs, 1 hit, 0 errors, 1 left on base; Altoona 1 - Mobile 6 |
| BOTTOM OF THE 7TH |
|
Mobile BayBears batting - Pitching for Altoona Curve : RHP Francisco Castillo
|
|
Batting: RHB Jeremy Adams
|
0-0: Called Strike 0-1: Foul Ball, location: 2F 0-2: Ball 1-2: Ball 2-2: Ball 3-2: Base on Balls
|
|
Batting: RHB Carlos Ballesteros
|
0-0: Called Strike 0-1: Foul Ball, location: 2F 0-2: Grounds into double play, 5-4-3 (Groundball, 56, EV 106.2 MPH)
|
|
Batting: LHB Soo-yeon Kym
|
0-0: Called Strike 0-1: Ball 1-1: Foul Ball, location: 2F 1-2: Foul Ball, location: 2F 1-2: Ball 2-2: Fly out, F8 (Flyball, 8RS, EV 94.4 MPH)
|
| Bottom of the 7th over - 0 runs, 0 hits, 0 errors, 0 left on base; Altoona 1 - Mobile 6 |
| TOP OF THE 8TH |
|
Altoona Curve batting - Pitching for Mobile BayBears : LHP Jesus Gallegos
|
|
Batting: RHB Pleun Smit
|
0-0: Ground out 5-3 (Groundball, 56, EV 96.9 MPH)
|
|
Batting: LHB Phil DeCamp
|
0-0: Ball 1-0: Ball 2-0: Foul Ball, location: 2F 2-1: Called Strike 2-2: SINGLE (Groundball, 6S, EV 65.0 MPH) (infield hit)
|
|
Batting: LHB Tomohiro Yokoyama
|
0-0: Fielders Choice at 2nd, 5-4 (Groundball, 56, EV 100.6 MPH)
|
|
Batting: LHB Sammy Roddenberry
|
0-0: Ball 1-0: Ball 2-0: Foul Ball, location: 2F 2-1: Ground out 4-3 (Groundball, 34, EV 76.9 MPH)
|
| Top of the 8th over - 0 runs, 1 hit, 0 errors, 1 left on base; Altoona 1 - Mobile 6 |
| BOTTOM OF THE 8TH |
|
Mobile BayBears batting - Pitching for Altoona Curve : RHP Francisco Castillo
|
|
Batting: RHB Josh Burrows
|
0-0: Ball 1-0: Ball 2-0: DOUBLE (Flyball, 78D, EV 89.4 MPH)
|
|
Batting: RHB Blake Beale
|
0-0: Fly out, F9 (Line Drive, 89M, EV 90.6 MPH)
|
|
Batting: RHB Chris Bittner
|
0-0: Called Strike 0-1: Foul Ball, location: 2F 0-2: Ball 1-2: Ball 2-2: Ground out 3-1 (Groundball, 34S, EV 88.1 MPH) Josh Burrows to third
|
|
Batting: RHB Curt Barrett
|
0-0: Ball 1-0: Swinging Strike 1-1: Ball 2-1: Called Strike 2-2: 2-RUN HOME RUN (Flyball, 7LD, EV 98.1 MPH), Distance : 377 ft
|
|
Batting: RHB Paul Schreiber
|
0-0: Ball 1-0: Called Strike 1-1: Foul Ball, location: 2F 1-2: Foul Ball, location: 2F 1-2: Ball 2-2: Fly out, F9 (Flyball, 89S, EV 88.8 MPH)
|
| Bottom of the 8th over - 2 runs, 2 hits, 0 errors, 0 left on base; Altoona 1 - Mobile 8 |
| TOP OF THE 9TH |
|
Altoona Curve batting - Pitching for Mobile BayBears : LHP Jesus Gallegos
|
|
Batting: RHB Jose Almonte
|
0-0: Ball 1-0: Called Strike 1-1: Ball 2-1: Swinging Strike 2-2: Ball 3-2: Foul Ball, location: 2F 3-2: Foul Ball, location: 2F 3-2: Fly out, F8 (Flyball, 8RM, EV 91.2 MPH)
|
|
Batting: LHB Nick Rooney
|
0-0: Foul Ball, location: 2F 0-1: Ground out U3 (Groundball, 34, EV 86.2 MPH)
|
|
Batting: RHB Mike Velazquez
|
0-0: Ball 1-0: Called Strike 1-1: Called Strike 1-2: Foul Ball, location: 2F 1-2: Strikes out swinging
|
| Top of the 9th over - 0 runs, 0 hits, 0 errors, 0 left on base; Altoona 1 - Mobile 8 |
|